Map: Deathaura LE

Players

DPGDark (Dark) - Winner!

  • Race: Zerg Zerg
  • League: Master
  • Spawn Location: 11:00

ByuN

  • Race: Terran Terran
  • League: Master
  • Spawn Location: 5:00

Event: TSL 6

VOD

Have the link to the VOD?

Description

Time

  • Played on: Dec. 20, 2020, 4:55 p.m.
  • Length: 19:37

All games in this series

Show
View Real Time Build Order
Export as new Build Order

DPGDark Zerg - Winner!

Build Orders: Hatch First, Lurkers 

Get SALT Encoding   

  12  0:00  Drone  
  13  0:13  Overlord  
  13  0:16  Drone  
  14  0:31  Drone  
  14  0:32  Drone  
  16  0:48  Hatchery  
  15  0:51  Drone  
  15  0:55  Drone  
  17  1:00  Drone  
  18  1:09  Extractor  
  17  1:14  Spawning Pool  
  17  1:16  Drone  
  17  1:19  Drone  
  18  1:28  Drone  
  20  1:40  Drone  
  20  1:50  Drone  
  21  2:01  Queen x2  
  21  2:02  Spine Crawler  
  21  2:06  Zergling x4  
  22  2:25  Drone  
  22  2:45  Drone  
  22  2:51  Drone  
  24  2:56  Drone  
  25  2:59  Drone  
  25  3:04  Drone  
  27  3:07  Drone  
  27  3:12  Metabolic Boost  
  28  3:19  Overlord  
  28  3:27  Overlord  
  28  3:37  Drone x5  
  28  3:40  Drone x2  
  28  3:41  Drone  
  36  3:46  Overlord  
  36  3:51  Overlord  
  36  4:05  Drone x2  
  36  4:06  Drone  
  36  4:07  Drone x2  
  41  4:17  Queen, Hatchery  
  41  4:20  Zergling x4  
  41  4:23  Zergling x2  
  45  4:27  Queen  
  49  4:31  Zergling x10  
  49  4:35  Overlord  
  52  4:44  Overlord  
  52  4:48  Hatchery  
  51  4:57  Zergling x10  
  55  5:01  Drone  
  55  5:02  Drone  
  55  5:04  Drone x2  
  57  5:08  Queen x2  
  57  5:13  Drone  
  62  5:15  Drone  
  62  5:27  Extractor, Drone x2  
  63  5:35  Drone x3  
  65  5:36  Drone  
  65  5:37  Overlord  
  65  5:38  Overlord  
  65  5:42  Overlord  
  67  5:49  Overlord  
  67  5:53  Queen, Evolution Chamber x2  
  67  5:55  Drone  
  68  5:57  Drone  
  68  6:00  Drone x2  
  71  6:09  Drone  
  71  6:10  Drone x5  
  77  6:15  Drone x2  
  77  6:17  Hatchery  
  78  6:20  Zerg Ground Armor Level 1, Zerg Melee Weapons Level 1  
  78  6:22  Drone  
  78  6:24  Drone  
  80  6:25  Drone  
  81  6:36  Extractor x2, Drone x3  
  81  6:38  Lair  
  82  6:40  Drone x5  
  82  6:43  Baneling Nest  
  86  6:50  Drone x5  
  86  6:51  Drone  
  86  6:53  Extractor  
  91  6:57  Drone  
  92  7:01  Hatchery  
  92  7:07  Drone  
  92  7:11  Zergling x16  
  99  7:21  Zergling x2  
  99  7:22  Zergling x10  
  103  7:28  Overlord  
  103  7:30  Baneling x8  
  103  7:31  Baneling x2  
  103  7:32  Zergling x6  
  103  7:34  Centrifical Hooks  
  106  7:37  Hydralisk Den  
  106  7:39  Zergling x12  
  111  7:52  Zergling x16  
  119  7:59  Overlord  
  119  8:02  Drone x2  
  119  8:03  Drone  
  119  8:04  Drone  
  119  8:10  Overlord  
  119  8:12  Overlord  
  119  8:15  Grooved Spines, Zerg Melee Weapons Level 2, Zerg Ground Armor Level 2  
  119  8:17  Drone x11  
  130  8:25  Zergling x2  
  130  8:26  Zergling x6  
  132  8:37  Hydralisk x2  
  132  8:38  Hydralisk x2  
  132  8:39  Zergling x16  
  147  8:43  Spore Crawler  
  147  8:44  Infestation Pit  
  147  8:46  Hydralisk x2  
  147  8:47  Zergling x2  
  150  8:48  Overlord  
  150  8:52  Overlord  
  150  8:54  Spore Crawler  
  149  8:56  Spore Crawler  
  149  8:58  Overlord  
  149  8:59  Zergling x4  
  149  9:01  Overlord  
  148  9:05  Zergling x2  
  148  9:08  Zergling x2  
  148  9:09  Zergling x8  
  154  9:13  Zergling x20  
  164  9:21  Hydralisk x3  
  164  9:23  Zergling x16  
  178  9:27  Muscular Augments, Overseer  
  166  9:38  Zergling x18  
  166  9:51  Hive  
  166  9:53  Zergling x20  
  166  9:57  Hydralisk x2  
  166  9:59  Zergling x8  
  180  10:04  Hatchery, Baneling x20  
  180  10:06  Drone  
  180  10:07  Drone  
  175  10:10  Drone x3  
  175  10:14  Drone x3  
  175  10:17  Zergling x4  
  175  10:20  Drone x2  
  181  10:25  Drone  
  176  10:30  Drone x8  
  176  10:31  Drone x2  
  176  10:32  Drone  
  176  10:33  Drone  
  176  10:35  Zergling x6  
  180  10:41  Zergling x4  
  182  10:48  Overlord  
  182  10:55  Overlord x2  
  182  10:56  Overlord  
  182  11:06  Viper  
  182  11:07  Viper  
  187  11:12  Hatchery, Adrenal Glands  
  187  11:13  Zerg Melee Weapons Level 3  
  187  11:14  Zergling x26  
  198  11:23  Zerg Missile Weapons Level 1  
  198  11:29  Drone x3  
  198  11:30  Drone  
  193  11:37  Drone x4  
  194  11:41  Drone x2  
  194  11:44  Hatchery  
  192  11:50  Zergling x12  
  192  11:51  Zergling x14  
  200  11:57  Spore Crawler  
  200  11:59  Spore Crawler  
  200  12:00  Spore Crawler  
  195  12:21  Zergling x16  
  195  12:22  Zergling x6  
  185  12:27  Zergling x22  
  196  12:31  Hatchery, Baneling x2  
  196  12:32  Baneling x6  
  196  12:35  Drone  
  196  12:36  Drone x3  
  195  12:38  Baneling x4  
  194  12:53  Zergling x12  
  200  13:04  Zergling x2  
  200  13:05  Zergling x30  
  192  13:10  Overseer x3  
  192  13:11  Pneumatized Carapace  
  186  13:14  Zergling x12, Lurker Den  
  186  13:15  Zergling x10  
  186  13:17  Zerg Ground Armor Level 3  
  193  13:21  Zergling x8  
  195  13:27  Baneling x9  
  195  13:28  Zergling x8  
  195  13:33  Overseer x3  
  197  13:38  Zergling x2  
  197  13:39  Zergling x16  
  186  13:46  Zergling x8  
  186  13:47  Zergling x8  
  172  13:55  Zergling x8  
  172  13:56  Zergling x6  
  172  14:02  Zergling x14  
  184  14:07  Zergling x2  
  184  14:08  Zergling x4, Drone x3  
  184  14:09  Zerg Missile Weapons Level 2, Drone  
  191  14:13  Adaptive Talons  
  191  14:15  Zergling x12  
  197  14:17  Baneling x2  
  197  14:18  Baneling x4  
  197  14:19  Baneling x6  
  197  14:22  Lurker x4  
  196  14:26  Spore Crawler  
  196  14:31  Lurker x3  
  198  14:35  Zergling x2, Spore Crawler  
  198  14:37  Zergling x2  
  199  15:10  Seismic Spines  
  193  15:32  Zergling x2  
  193  15:33  Zergling x14  
  200  15:37  Baneling x11  
  200  15:38  Baneling x8  
  197  15:51  Baneling x4  
  197  15:56  Zergling x6, Overseer  
  187  16:06  Zergling x18  
  187  16:07  Zergling x6  
  193  16:13  Zergling x14  
  200  16:27  Zerg Missile Weapons Level 3  
  200  16:32  Zergling x4  
  169  16:33  Zergling x38  
  169  16:36  Zergling x48  
  198  16:40  Zergling x6  
  198  16:41  Zergling x2  
  185  16:51  Zergling x24, Baneling  
  185  16:52  Zergling x8, Baneling x5  
  185  16:53  Zergling x2  
  196  16:54  Hatchery  
  196  16:56  Zergling x2  
  196  16:57  Zergling x12  
  196  16:58  Zergling x4  
  188  17:04  Zergling x6  
  188  17:06  Hydralisk x2  
  188  17:07  Hydralisk  
  189  17:09  Viper x3  
  198  17:28  Extractor, Drone  
  198  17:29  Zergling x8, Extractor  
  198  17:37  Zergling x4  
  197  17:49  Zergling x4  
  197  17:50  Zergling x8  
  199  17:53  Hatchery  
  187  18:02  Drone  
  187  18:03  Drone x6  
  189  18:06  Zergling x4  
  189  18:07  Zergling x2  
  192  18:14  Spore Crawler  
  192  18:15  Baneling x2  
  192  18:17  Baneling x12  
  192  18:18  Zergling x18, Baneling x8  
  196  18:34  Zergling x4  
  196  18:35  Zergling x2  
  196  18:38  Zergling x14  
  195  18:43  Zergling x12  
  195  18:44  Zergling x6  
  175  19:02  Zergling x2  
  175  19:03  Zergling x18, Hydralisk x2  
  176  19:10  Zergling x22  
  186  19:17  Zergling x8  
  186  19:18  Zergling x4  
  186  19:22  Baneling x11  
Show
View Real Time Build Order
Export as new Build Order

ByuN Terran 

Build Orders:  

Get SALT Encoding   

  12  0:00  SCV  
  13  0:12  SCV  
  14  0:17  Supply Depot  
  14  0:24  SCV  
  15  0:39  Barracks  
  16  0:49  Barracks  
  16  1:01  Barracks  
  15  1:05  SCV  
  16  1:25  Orbital Command, Marine  
  17  1:33  Supply Depot  
  17  1:35  Marine  
  18  1:43  Marine  
  19  1:48  Marine  
  19  1:53  Marine  
  22  1:56  Bunker  
  22  2:01  Marine  
  21  2:02  SCV  
  21  2:07  Marine  
  24  2:11  Marine  
  25  2:19  Marine  
  24  2:24  Marine  
  24  2:29  Marine  
  23  2:30  SCV  
  23  2:42  SCV, Marine  
  26  2:47  Marine  
  26  2:54  SCV  
  27  2:59  Command Center  
  27  3:03  Supply Depot  
  27  3:06  SCV  
  28  3:18  SCV  
  29  3:27  Command Center  
  29  3:30  SCV  
  30  3:41  Refinery  
  30  3:42  SCV, Refinery  
  31  3:55  SCV  
  32  3:59  Marine x2  
  34  4:08  SCV  
  35  4:11  Orbital Command  
  35  4:15  Barracks Tech Lab  
  35  4:17  Marine x2  
  35  4:21  Bunker, SCV  
  38  4:33  SCV  
  38  4:34  Stimpack, Marine  
  38  4:35  Marine x2  
  38  4:36  SCV  
  43  4:43  Supply Depot  
  43  4:46  Orbital Command  
  43  4:48  SCV  
  43  4:50  SCV  
  45  4:53  Marine  
  45  4:54  Barracks Reactor  
  45  4:56  Barracks Reactor  
  46  5:00  Supply Depot  
  39  5:12  SCV x3  
  39  5:13  Marine  
  41  5:17  Factory  
  41  5:24  SCV x3  
  44  5:31  Marine x3  
  44  5:33  Marine x2  
  49  5:36  SCV x3  
  49  5:40  Refinery x2  
  52  5:44  Engineering Bay  
  52  5:45  Engineering Bay  
  52  5:48  SCV x3  
  55  5:50  Marine  
  55  5:52  Marine x2  
  55  5:55  Marine x2  
  60  6:00  SCV x3  
  63  6:05  Factory Reactor, Starport  
  63  6:12  SCV x3  
  63  6:13  Terran Infantry Weapons Level 1  
  63  6:15  Terran Infantry Armor Level 1, Orbital Command  
  63  6:16  Combat Shield  
  66  6:22  Marine  
  66  6:23  Marine x3  
  66  6:24  Marine  
  71  6:28  Supply Depot, SCV  
  71  6:29  SCV  
  73  6:38  Supply Depot  
  73  6:40  Marine x3  
  73  6:41  Marine  
  73  6:42  Marine  
  73  6:43  SCV x2  
  73  6:44  SCV  
  81  6:50  Medivac x2  
  85  6:55  SCV x2  
  85  6:56  Factory Reactor, SCV  
  85  6:59  Supply Depot  
  85  7:00  Supply Depot  
  88  7:02  Marine x5  
  95  7:14  SCV x3  
  95  7:20  Medivac x2, Barracks  
  95  7:21  Barracks  
  95  7:22  Supply Depot  
  98  7:23  Supply Depot  
  98  7:26  Marine x2  
  98  7:27  Marine x3  
  102  7:30  SCV x2  
  102  7:31  SCV  
  105  7:37  Widow Mine x2  
  105  7:42  Factory  
  110  7:44  SCV x2  
  110  7:45  Refinery  
  110  7:46  Supply Depot x2  
  110  7:47  SCV  
  110  7:49  Marine x4  
  116  7:54  Marine  
  116  7:55  Medivac x2  
  121  7:59  SCV x3  
  123  8:07  Marine x4  
  123  8:09  Widow Mine x2  
  123  8:10  Barracks Reactor x2  
  123  8:12  Marine  
  132  8:17  Supply Depot  
  132  8:23  Command Center  
  132  8:25  Marine x2  
  132  8:26  Marine x2  
  135  8:27  Factory Tech Lab  
  135  8:30  Marine  
  130  8:43  Marine x4  
  130  8:46  Widow Mine x2  
  130  8:47  Widow Mine, Marine  
  141  8:52  Missile Turret  
  141  8:58  Marine x3  
  141  8:59  Marine  
  141  9:01  Marine x3  
  148  9:03  SCV x3  
  148  9:04  Missile Turret  
  148  9:05  Barracks x2  
  148  9:06  Barracks, Marauder  
  153  9:14  Supply Depot x2, Armory  
  153  9:16  Supply Depot  
  153  9:17  Marine x4  
  157  9:29  Marine x2  
  155  9:32  Widow Mine  
  155  9:35  Widow Mine  
  155  9:36  Marine x3  
  155  9:37  Marine x4  
  146  9:47  Marine  
  146  9:50  Marine  
  146  9:52  Siege Tank  
  148  9:54  Marine x6  
  148  9:55  Medivac x2, Marauder  
  156  10:06  Sensor Tower  
  156  10:08  Terran Infantry Armor Level 2, Terran Infantry Weapons Level 2  
  156  10:11  Marine  
  156  10:12  Planetary Fortress, Marine x3  
  156  10:14  SCV x3  
  162  10:18  Marine x4  
  162  10:20  Barracks Tech Lab x2  
  162  10:21  Barracks Tech Lab  
  163  10:26  SCV x3  
  163  10:27  Widow Mine  
  165  10:34  Supply Depot  
  165  10:36  Supply Depot  
  165  10:37  Supply Depot x2  
  164  10:45  Supply Depot  
  164  10:51  Terran Vehicle And Ship Armor Level 1  
  164  10:52  Supply Depot  
  164  10:58  Marauder x2, SCV x2  
  164  10:59  Marauder x2, SCV  
  175  11:10  SCV x2, Marine x5  
  181  11:11  SCV, Marine  
  181  11:12  Marine  
  181  11:15  Widow Mine x2  
  181  11:16  Concussive Shells  
  188  11:20  Marauder x3  
  188  11:24  Marauder  
  194  11:31  Widow Mine  
  190  11:35  Marine  
  190  11:36  Marine  
  190  11:37  Widow Mine x2, Marine x4  
  196  11:45  Supply Depot  
  196  11:46  Supply Depot  
  196  11:47  Marauder  
  196  11:48  Marauder  
  196  11:49  Marauder x2  
  196  11:50  Medivac  
  196  11:51  Medivac  
  196  11:56  Supply Depot  
  196  12:01  Widow Mine  
  196  12:07  Widow Mine x2  
  199  12:20  Medivac  
  199  12:21  Medivac  
  177  12:22  Widow Mine  
  177  12:24  Marauder x2, Marine  
  177  12:25  Marauder x2, Marine x6  
  177  12:27  Ghost Academy  
  177  12:28  Widow Mine x2  
  177  12:29  Command Center  
  196  12:44  Terran Infantry Weapons Level 3, Widow Mine, Terran Infantry Armor Level 3  
  190  12:45  Marine x5  
  190  12:46  Marauder x2  
  190  12:49  Marine  
  200  13:03  Widow Mine  
  200  13:04  Marauder x2  
  190  13:07  Marine x6  
  190  13:08  Marine x2  
  190  13:09  Widow Mine x2  
  193  13:20  Marine x2  
  193  13:24  Marine  
  193  13:25  Marine x5  
  197  13:38  Marauder x2  
  197  13:40  Marine x2  
  197  13:41  Medivac x2, Marine  
  179  13:45  Widow Mine x2  
  179  13:46  Marine  
  179  13:48  Marine x6  
  168  13:51  Widow Mine  
  169  13:58  Drilling Claws, Marine x2  
  169  13:59  Marauder x2, Marine  
  173  14:04  Marine  
  173  14:06  Widow Mine x2, Marine x4  
  173  14:07  Marauder, Marine  
  183  14:12  Widow Mine  
  183  14:15  Medivac x2  
  183  14:16  Marine x2  
  191  14:17  Marauder  
  191  14:20  Marauder  
  191  14:21  Marauder  
  191  14:22  Marine  
  191  14:24  Marine x3  
  199  14:27  Marine  
  190  15:00  Fusion Core, Starport, Widow Mine x3  
  190  15:01  Starport  
  190  15:02  Marine  
  195  15:11  Marauder x2  
  195  15:15  Marauder  
  195  15:16  Marauder, Marine  
  195  15:20  Planetary Fortress  
  200  15:21  Missile Turret  
  200  15:27  Marine x6  
  188  15:29  Marine  
  188  15:31  Widow Mine x2  
  188  15:32  Widow Mine  
  188  15:33  Marauder x2  
  196  15:37  Marauder x2, Marine  
  196  15:40  Starport Reactor x2  
  196  15:41  Terran Vehicle And Ship Armor Level 2  
  199  15:44  Marine  
  200  15:54  Marauder  
  198  16:08  Liberator  
  195  16:19  Liberator  
  198  16:25  Command Center  
  198  16:26  Command Center  
  178  16:37  Marauder x3, Marine  
  178  16:39  Marine x6  
  166  16:40  Widow Mine  
  166  16:41  Widow Mine  
  166  16:42  Medivac x2  
  166  16:46  Widow Mine  
  171  16:47  Liberator x2  
  171  16:49  Marine  
  171  16:50  Marine  
  169  16:55  Marine  
  169  16:56  Marine  
  169  16:57  Marine x5  
  169  16:58  Marauder x3  
  164  17:01  Medivac  
  164  17:02  Medivac, Widow Mine  
  164  17:03  Widow Mine  
  164  17:07  Widow Mine, Marine x2  
  159  17:12  Marine  
  159  17:14  Marine x2  
  159  17:15  Marine x3  
  162  17:19  Marauder  
  162  17:20  Marauder x2  
  162  17:22  Marine  
  169  17:23  Widow Mine  
  169  17:24  Widow Mine  
  169  17:25  Marine  
  169  17:26  Marauder  
  176  17:30  Marine  
  176  17:35  Orbital Command  
  177  17:41  Marauder  
  179  17:46  Marauder x2  
  179  17:47  Marauder, Marine  
  179  17:49  Widow Mine x2  
  185  17:58  Widow Mine  
  180  18:06  Medivac x2, Marine  
  180  18:07  Marine x9  
  180  18:11  Widow Mine  
  192  18:15  SCV x3  
  192  18:18  Medivac  
  197  18:31  Marauder  
  196  18:41  Marine  
  196  18:42  Marine  
  186  18:51  Marine  
  186  18:52  Marine x2  
  187  19:01  Medivac x2  
  137  19:16  Marine x4  
  121  19:19  Marine  
Tags
 
Composition
Lurkers
Event
TSL 6
Matchup
TvZ
Player
ByuNDark
Spawn Locations
Cross Positions
Add a new tag
Caveats
  • Supply blocks, unpowered buildings, or Contaminate may cause inaccurate times.
  • Supply counts are checked every 10 seconds.